 Dungeon Crawl Stone Soup version 0.13-a0-2505-g5f0fbe2 (webtiles) character file.

130 4tharraofdagon the Practitioner (level 4, -1/38 HPs)
             Began as a Djinni Healer on July 23, 2013.
             Was a Believer of Elyvilon.
             Slain by a crocodile (13 damage)
             ... on Level 7 of the Dungeon.
             The game lasted 00:05:02 (909 turns).

4tharraofdagon the Practitioner (Djinni Healer)      Turns: 909, Time: 00:05:03

HP  -1/38        AC  8     Str 13      XL: 4   Next:  8%
MP   0/0         EV 12     Int 13      God: Elyvilon [**....]
Gold 57          SH  0     Dex 11      Spells:  0 memorised,  3 levels left

Res.Fire  : + + +   See Invis. : .   h - +0 mace
Res.Cold  : x . .   Warding    : .   a - +1 robe
Life Prot.: + + +   Conserve   : .   (no shield)
Res.Poison: .       Res.Corr.  : .   (no helmet)
Res.Elec. : .       Clarity    : .   (no cloak)
Sust.Abil.: . .     Spirit.Shd : .   (no gloves)
Res.Mut.  : .       Stasis     : .   (boots unavailable)
Res.Rott. : .       Flight     : .   (no amulet)
Saprovore : . . .                    (no ring)
                                     (no ring)

@: very slightly contaminated, slightly resistant to hostile enchantments,
unstealthy
A: AC +5, Dex -1
a: Lesser Healing, Lesser Self-Healing, Divine Protection, Purification,
Renounce Religion


You were on level 7 of the Dungeon.
You worshipped Elyvilon.
Elyvilon was most pleased with you.
You were not hungry.

You visited 1 branch of the dungeon, and saw 7 of its levels.

You collected 55 gold pieces.
You spent 98 gold pieces at shops.

Inventory:

Hand weapons
 h - a +0,+0 mace (weapon)
 m - a +0,+0 orcish hammer
Armour
 a - a +1 robe (worn)
 f - a +1 dwarven shield
 l - a +0 orcish leather armour
Scrolls
 j - a scroll of amnesia {unknown}
Potions
 b - a potion of magic {unknown}
 d - 2 potions of agility
 k - a potion of poison


   Skills:
 + Level 2.2 Fighting
 * Level 2.3 Maces & Flails
 + Level 0.9 Armour
 - Level 1.7 Dodging
 + Level 4.6 Invocations


You had 3 spell levels left.
You didn't know any spells.

Dungeon Overview and Level Annotations

Branches:
Dungeon (7/27)             Temple (0/1) D:4
    Orc: D:6-11

Altars:

Shops:
D:4: !

Annotations
D:6 Edmund


Innate Abilities, Weirdness & Mutations

You are immune to all types of fire, even holy and hellish.
You are vulnerable to cold.
You need no food.
You have no legs.
You are partially covered in icy blue scales (AC +1).
You are partially covered in iridescent scales (AC +4).
You are clumsy (Dex -1).


Message History

Press: ? - help, Dir - move target cursor, f/p - crocodile Heal: a crocodile (lightly wounded)
The light of Elyvilon fails to reach the crocodile.
The crocodile bites you.
Use which ability? (? or * to list)
Press: ? - help, Dir - move target cursor, f/p - crocodile Heal: a crocodile (lightly wounded)
The light of Elyvilon fails to reach the crocodile.
The crocodile barely misses you.
Use which ability? (? or * to list)
Press: ? - help, Dir - move target cursor, f/p - crocodile Heal: a crocodile (lightly wounded)
The light of Elyvilon fails to reach the crocodile.
The crimson imp barely misses you. The crocodile barely misses you.
Use which ability? (? or * to list)
Press: ? - help, Dir - move target cursor, f/p - crocodile Heal: a crocodile (lightly wounded)
The light of Elyvilon fails to reach the crocodile.
The crimson imp hits you. The crocodile bites you!
You die...

... #...# #...#
##...# ....### .....
... #t# #@#
############5#
.......5.....####
.....................
#######..##########
#..# #..# #..#
#..##########


You could see a crocodile and a crimson imp.

Vanquished Creatures
  2 orcs (D:5)
  A ball python (D:3)
  2 hobgoblins
  A bat (D:3)
  A kobold (D:3)
  A rat (D:3)
8 creatures vanquished.

Vanquished Creatures (others)
  An iguana (D:6)
  A centaur skeleton (D:6)
  A giant gecko (D:4)
  2 jackals (D:4)
  A bat (D:4)
6 creatures vanquished.

Grand Total: 14 creatures vanquished

Notes
Turn   | Place    | Note
--------------------------------------------------------------
     0 | D:1      | 4tharraofdagon, the Djinni Healer, began the quest for the Orb.
     0 | D:1      | Reached XP level 1. HP: 16/16 MP: 0/0
   157 | D:3      | Reached XP level 2. EP: 20/23
   162 | D:3      | Noticed a giant frog
   168 | D:3      | HP: 1/23 [giant frog (5)]
   171 | D:3      | Pacified a giant frog
   171 | D:3      | Reached skill level 1 in Maces & Flails
   171 | D:3      | Reached XP level 3. EP: 16/30
   249 | D:4      | Found Hofov's Distillery.
   253 | D:4      | Bought 2 potions of mutation for 84 gold pieces
   253 | D:4      | Bought a potion of poison for 14 gold pieces
   260 | D:4      | Gained mutation: Your muscles are strong, but stiff (Str +1, Dex -1). [potion of mutation]
   260 | D:4      | Gained mutation: You are clumsy (Dex -1). [potion of mutation]
   260 | D:4      | Lost mutation: Your muscles are strong, but stiff (Str +1, Dex -1). [potion of mutation]
   261 | D:4      | Gained mutation: You are partially covered in icy blue scales (AC +1). [potion of mutation]
   261 | D:4      | Gained mutation: You are partially covered in iridescent scales (AC +4). [potion of mutation]
   287 | D:5      | Entered Level 5 of the Dungeon
   418 | D:4      | Found a staircase to the Ecumenical Temple.
   672 | D:6      | Noticed Edmund
   688 | D:6      | Reached XP level 4. EP: 38/38
   724 | D:6      | Noticed a slave
   725 | D:6      | Noticed a slave
   902 | D:7      | Noticed a crocodile
   909 | D:7      | Slain by a crocodile

Action                   |  1- 3 |  4- 6 || total
-------------------------+-------+-------++-------
Melee: Mace              |    33 |    21 ||    54
Invok: Lesser Healing    |    21 |    10 ||    31
       Lesser Self-Heali |       |     3 ||     3
  Use: Potion            |     6 |     3 ||     9
       Scroll            |     4 |       ||     4
